 Dungeon Crawl Stone Soup version 0.25.0-11-g1f837a7 (webtiles) character file.

Game seed: 6965128028130996412

34734 Balder the Severer (level 13, -8/122 HPs)
             Began as a Minotaur Berserker on June 26, 2020.
             Was a High Priest of Trog.
             Mangled by a komodo dragon (19 damage)
             ... on level 6 of the Lair of Beasts.
             The game lasted 00:59:36 (14741 turns).

Balder the Severer (Minotaur Berserker)            Turns: 14741, Time: 00:59:37

Health: -8/122     AC: 19    Str: 23    XL:     13   Next: 43%
Magic:  4/4        EV: 12    Int:  4    God:    Trog [*****.]
Gold:   748        SH:  0    Dex: 14    Spells: 12/12 levels left

rFire    . . .     SeeInvis .   K - +3 broad axe (antimagic)
rCold    . . .     Gourm    .   (no shield)
rNeg     . . .     Faith    +   v - +0 plate armour
rPois    .         Spirit   .   (helmet restricted)
rElec    .         Reflect  .   (no cloak)
rCorr    .         Harm     .   (no gloves)
MR       ++...                  j - +2 pair of boots
Stlth    ..........             t - amulet of faith
HPRegen  1.30/turn              (no ring)
MPRegen  0.09/turn              (no ring)

@: berserk cooldown, regenerating, slowed, very slow
A: retaliatory headbutt, horns 2
a: Berserk, Trog's Hand, Brothers in Arms, Renounce Religion


You were on level 6 of the Lair of Beasts.
You worshipped Trog.
Trog was extremely pleased with you.
You were not hungry.

You visited 2 branches of the dungeon, and saw 15 of its levels.
You also visited: Ossuary.

You collected 784 gold pieces.
You spent 36 gold pieces at shops.

Inventory:

Hand Weapons
 a - a +5 antimagic battleaxe
 r - a +1 hand axe of flaming
 K - a +3 antimagic broad axe (weapon)
Missiles
 q - 6 silver javelins
 D - 8 poisoned darts (quivered)
Armour
 j - a +2 pair of boots (worn)
 v - a +0 plate armour (worn)
Jewellery
 t - an amulet of faith (around neck)
 I - an uncursed amulet of regeneration
Wands
 e - a wand of polymorph (8)
 y - a wand of paralysis (26)
 B - a wand of random effects (10)
 F - a wand of flame (22)
 H - a wand of enslavement (8)
Scrolls
 d - 9 scrolls of identify
 f - 4 scrolls of remove curse
 o - a scroll of fear
 p - 7 scrolls of teleportation
 J - a scroll of summoning {unknown}
Potions
 i - 6 potions of curing
 k - 3 potions of stabbing
 n - 2 potions of cancellation
 u - a potion of might {unknown}
 w - 2 potions of ambrosia
 x - 3 potions of mutation
 A - 3 potions of degeneration {unknown}
 C - a potion of berserk rage {unknown}
Miscellaneous
 g - a phial of floods
 z - a lightning rod (4/4)
Comestibles
 c - 21 rations
 G - 4 chunks of flesh


   Skills:
 * Level 13.0 Fighting
 * Level 16.1 Axes
 * Level 7.3 Throwing
 * Level 12.9 Armour
 * Level 9.0 Dodging
 + Level 1.0 Stealth


You had 12 spell levels left.
You didn't know any spells.
Your spell library contained the following spells:

 Spells                   Type           Power        Failure   Level  Hunger
 Apportation              Tloc           #.....       99%         1    ##.....
 Infusion                 Chrm           #...         99%         1    ##.....
 Magic Dart               Conj           #...         99%         1    ##.....
 Summon Butterflies       Summ           #.......     99%         1    ##.....
 Summon Small Mammal      Summ           #...         99%         1    ##.....
 Blink                    Tloc           N/A          100%        2    ###....
 Call Imp                 Summ           #.......     100%        2    ###....
 Shroud of Golubria       Chrm/Tloc      #.....       100%        2    ###....
 Slow                     Hex            #.......     100%        2    ###....
 Song of Slaying          Chrm           #.......     100%        2    ###....
 Call Canine Familiar     Summ           #.......     100%        3    ####...
 Conjure Flame            Conj/Fire      #.......     100%        3    ####...
 Lesser Beckoning         Tloc           #.........   100%        3    ####...
 Mephitic Cloud           Conj/Pois/Air  #.......     100%        3    ####...
 Ozocubu's Armour         Chrm/Ice       #.......     100%        3    ####...
 Spectral Weapon          Hex/Chrm       #.......     100%        3    ####...
 Summon Guardian Golem    Hex/Summ       #.......     100%        3    ####...
 Tukima's Dance           Hex            #.......     100%        3    ####...
 Summon Ice Beast         Ice/Summ       #.......     100%        4    #####..
 Summon Lightning Spire   Summ/Air       #.......     100%        4    #####..
 Alistair's Intoxication  Tmut/Pois      #.......     100%        5    ######.
 Invisibility             Hex            #.......     100%        6    #######


Dungeon Overview and Level Annotations

Branches:
Dungeon (10/15)            Temple (0/1) D:5            Lair (6/6) D:9
 Spider (0/4) Lair:2        Slime (0/5) Lair:6          Orc (0/2) D:9
Ossuary (visited)
  Swamp: Lair:2-4    Shoals: Lair:2-4

Altars:
Dithmenos
Elyvilon
Fedhas
Hepliaklqana
Kikubaaqudgha
Nemelex Xobeh
Zin
The Shining One
Beogh

Shops:
D:6 *

Annotations:
D:2 exclusion: oklob plant
D:4 1 runed translucent door, promet's ghost, amateur OpAs
Lair:1 3 runed translucent doors, Oqogus's ghost, novice TrAK
Lair:3 1 transporter
Lair:5 1 runed translucent door, Iroennuj's ghost, journeyman VSGl


Innate Abilities, Weirdness & Mutations

You reflexively headbutt those who attack you in melee.
You have a pair of horns on your head.


Message History

You slice the komodo dragon!!
The komodo dragon is severely wounded.
You completely miss the vampire mosquito.
The vampire mosquito bites you but does no damage.
The vampire mosquito closely misses you.
You furiously retaliate!
You headbutt the vampire mosquito. The komodo dragon bites you!!
* * * LOW HITPOINT WARNING * * *
The vampire mosquito misses you.
Your skin crawls.
You feel resistant to hostile enchantments.
You feel quite a bit more hungry. The vampire mosquito misses you.
You furiously retaliate!
You headbutt the vampire mosquito! The komodo dragon barely misses you.
The vampire mosquito barely misses you. You furiously retaliate!
You headbutt the vampire mosquito!
You destroy the vampire mosquito!
Trog accepts your kill.
Your Fighting skill increases to level 13!
The komodo dragon bites you!!
You die...

≈≈≈≈≈,.....##P#.....###...###
≈≈≈≈≈,......#.†.....##P.....#
≈≈≈≈,≈P......†÷.÷...##P....##
≈≈≈,≈,...(.........###.÷..##
≈≈,≈,,..............###.÷.##
≈,≈,,,.....#.#(....####....#
,,****.#....###†..P###P...##
**** *#.....**#.†..P##.÷...#
*,,* #P....,*#.@[.##P.†...#
,,,* #.....,*#.l..###.....#
,,,* *,,,,,**#....####...##
,,,* *,,,,,,*#.....#......#
,,,** *,,,,***#...<.......##
,,,,***,,,,,,*##...........#
,,,*,***,,,*** #..........##
,,,,,,,,,,,,***#.........P#*
,,,,,,,,,,,**,#...........P#*


You could see a komodo dragon.

Vanquished Creatures
  4 hydras
  A catoblepas (Lair:5)
  Erica (D:8)
  A two-headed ogre (D:8)
  3 death yaks (Lair:3)
  An unseen horror (D:8)
  5 elephants (Lair:2)
  2 black mambas
  18 spiny frogs
  3 rime drakes
  4 komodo dragons
  A polar bear (Lair:6)
  A troll (D:9)
  A tyrant leech (Lair:6)
  A hornet (D:7)
  19 blink frogs
  8 hippogriffs
  2 wyverns
  18 yaks
  A hungry ghost (D:8)
  2 basilisks
  6 vampire mosquitoes
  Menkaure (D:6)
  10 water moccasins
  4 porcupines
  6 orc warriors
  2 sky beasts (D:6)
  3 ice beasts
  11 wolves
  A necrophage (D:7)
  2 phantoms
  7 ogres
  2 centaurs
  8 crocodiles
  2 big kobolds (D:9)
  20 bullfrogs
  A scorpion (D:9)
  3 wights (D:9)
  8 killer bees
  2 howler monkeys
  A crimson imp (D:8)
  3 hounds
  2 jellies (Lair:6)
  8 orc wizards
  A centaur skeleton (D:4)
  4 orc priests
  4 worker ants
  8 big kobold zombies (Ossuary)
  A mummy (Ossuary)
  A hound skeleton (D:9)
  A worker ant zombie (D:8)
  10 gnolls
  9 adders
  2 shadow imps (D:6)
  An ooze (Lair:6)
  2 adder skeletons
  2 worms
  4 dart slugs
  2 leopard geckos
  26 orcs
  7 spectral bats (Ossuary)
  8 bats
  3 giant cockroaches
  4 gnoll zombies (Ossuary)
  4 goblins
  5 hobgoblins
  2 jackals (D:6)
  5 quokkas
  A frilled lizard (D:3)
  7 goblin zombies (Ossuary)
  6 hobgoblin zombies (Ossuary)
  6 kobolds
  4 kobold simulacra (Ossuary)
  2 kobold zombies (Ossuary)
  3 orc zombies (Ossuary)
  3 rats
  3 rat simulacra (Ossuary)
  2 spectral goblins (Ossuary)
  3 spectral kobolds (Ossuary)
  5 spectral rats (Ossuary)
371 creatures vanquished.

Vanquished Creatures (collateral kills)
  2 hippogriffs
  2 ice beasts (D:8)
  An orc warrior (D:8)
  A wolf (Lair:5)
  A bullfrog (D:8)
  3 killer bees (D:8)
  An orc wizard (D:8)
  An adder skeleton (D:8)
12 creatures vanquished.

Vanquished Creatures (others)
  A bush (Lair:6)
  28 fungi
  77 plants
106 creatures vanquished.

Grand Total: 489 creatures vanquished

Notes
Turn   | Place    | Note
-------+----------+-------------------------------------------
     0 | D:1      | Balder the Minotaur Berserker began the quest for the Orb.
     0 | D:1      | Reached XP level 1. HP: 19/19 MP: 0/0
   213 | D:1      | Reached XP level 2. HP: 27/27 MP: 1/1
   301 | D:1      | Reached skill level 4 in Axes
   668 | D:2      | Reached XP level 3. HP: 29/33 MP: 2/2
   749 | D:2      | Found a sparkling altar of Nemelex Xobeh.
   958 | D:2      | Found a blossoming altar of Fedhas.
   983 | D:2      | Noticed an oklob plant
  1134 | D:2      | Found a glowing silver altar of Zin.
  1524 | D:3      | Reached ** piety under Trog
  1583 | D:3      | Reached XP level 4. HP: 28/41 MP: 3/3
  1587 | D:3      | Reached skill level 5 in Fighting
  1822 | D:3      | Reached skill level 5 in Axes
  2097 | D:3      | Reached XP level 5. HP: 48/48 MP: 4/4
  2467 | D:3      | Reached XP level 6. HP: 57/57 MP: 5/5
  2823 | D:4      | Reached skill level 6 in Axes
  2882 | D:4      | Reached skill level 1 in Throwing
  3063 | D:4      | Found a hazy altar of Hepliaklqana.
  3124 | D:4      | Reached XP level 7. HP: 63/63 MP: 6/6
  3223 | D:4      | Found a runed translucent door.
  3223 | D:4      | Noticed promet's ghost (amateur OpAs)
  3283 | D:4      | Reached skill level 7 in Axes
  3446 | D:5      | Entered Level 5 of the Dungeon
  3482 | D:5      | Found a sand-covered staircase.
  3491 | Ossuary  | Entered an ossuary
  3549 | Ossuary  | Reached *** piety under Trog
  3839 | Ossuary  | Reached **** piety under Trog
  4363 | D:5      | Reached skill level 8 in Axes
  4424 | D:5      | Reached XP level 8. HP: 57/71 MP: 7/7
  4551 | D:5      | Found an ancient bone altar of Kikubaaqudgha.
  4661 | D:5      | Found a staircase to the Ecumenical Temple.
  4977 | D:6      | Noticed Menkaure
  4980 | D:6      | Killed Menkaure
  4980 | D:6      | Reached skill level 9 in Axes
  5023 | D:6      | Found a white marble altar of Elyvilon.
  5152 | D:6      | Reached ***** piety under Trog
  5254 | D:6      | Reached skill level 5 in Armour
  5360 | D:6      | Found Tut Rude's General Store.
  5364 | D:6      | Bought a scroll of teleportation for 36 gold pieces
  5794 | D:7      | Reached skill level 10 in Axes
  5794 | D:7      | Reached XP level 9. HP: 79/79 MP: 8/8
  6082 | D:7      | Found a glowing golden altar of the Shining One.
  6214 | D:8      | Noticed Erica
  6237 | D:8      | Killed Erica
  6237 | D:8      | Reached skill level 11 in Axes
  6237 | D:8      | Reached skill level 5 in Dodging
  6446 | D:8      | Killed an unseen horror
  6446 | D:8      | Reached XP level 10. HP: 44/90 MP: 9/9
  6509 | D:8      | Noticed a two-headed ogre
  6510 | D:8      | Noticed a two-headed ogre
  6515 | D:8      | Killed a two-headed ogre
  6662 | D:8      | Reached skill level 12 in Axes
  7337 | D:9      | Found a staircase to the Lair.
  7431 | D:9      | Reached skill level 10 in Fighting
  7472 | D:9      | Found a staircase to the Orcish Mines.
  7539 | D:9      | Found a roughly hewn altar of Beogh.
  7546 | D:9      | Reached XP level 11. HP: 52/99 MP: 10/10
  7562 | D:9      | Reached skill level 5 in Throwing
  7967 | D:9      | Found a shadowy altar of Dithmenos.
  8226 | D:9      | Reached skill level 10 in Armour
  8578 | D:10     | Entered Level 10 of the Dungeon
  8894 | Lair:1   | Entered Level 1 of the Lair of Beasts
  8894 | Lair:1   | Noticed a five-headed hydra
  8957 | Lair:1   | Killed a one-headed hydra
  9451 | Lair:1   | Reached skill level 13 in Axes
  9749 | Lair:1   | Noticed Oqogus's ghost (novice TrAK)
  9941 | Lair:1   | Found a runed translucent gate.
  9941 | Lair:1   | Found a runed translucent gate.
  9941 | Lair:1   | Found a runed translucent gate.
 10661 | Lair:2   | Reached XP level 12. HP: 66/110 MP: 11/11
 10688 | Lair:2   | Reached skill level 14 in Axes
 10712 | Lair:2   | Found a hole to the Spider Nest.
 10956 | Lair:2   | Received a gift from Trog
 11702 | Lair:3   | Noticed a six-headed hydra
 11717 | Lair:3   | Killed a one-headed hydra
 11749 | Lair:3   | Found a transporter.
 12028 | Lair:3   | Noticed a death yak
 12028 | Lair:3   | Noticed a death yak
 12029 | Lair:3   | Noticed a death yak
 12047 | Lair:3   | Killed a death yak
 12062 | Lair:3   | Killed a death yak
 12070 | Lair:3   | Killed a death yak
 12318 | Lair:3   | You fall into a shaft and drop 3 floors!
 12318 | Lair:6   | Entered Level 6 of the Lair of Beasts
 12319 | Lair:6   | Noticed a five-headed hydra
 12328 | Lair:6   | Killed a one-headed hydra
 12595 | Lair:5   | Noticed a catoblepas
 12612 | Lair:5   | Killed a catoblepas
 12612 | Lair:5   | Reached skill level 15 in Axes
 12612 | Lair:5   | Reached skill level 1 in Stealth
 13123 | Lair:5   | Found a runed translucent door.
 13123 | Lair:5   | Noticed Iroennuj's ghost (journeyman VSGl)
 13624 | Lair:6   | Noticed a seven-headed hydra
 13638 | Lair:6   | Killed a one-headed hydra
 13813 | Lair:6   | Reached XP level 13. HP: 91/119 MP: 4/12
 13846 | Lair:6   | Received a gift from Trog
 14490 | Lair:6   | Reached skill level 16 in Axes
 14741 | Lair:6   | Mangled by a komodo dragon

Illustrated notes

Levels and vault maps discovered:
D:1:      dpeg_arrival_shrine, layout_basic
D:2:      layout_basic, tgw_fedhas, zin_academy, nemelex_spade_bored_becter
D:3:      layout_basic
D:4:      layout_rooms, marbit_many_paths, ebering_ghost_reflecting_pool
D:5:      layout_cave_pools, kiku_gazebo_pond_becter,
          minmay_temple_entry_gardened_gates,
          lightli_ossuary_entry_decrepit_ruins, first_ration,
          kennysheep_generic_room_8
D:6:      layout_loops_ring, kennysheep_mini, serial_shops,
          nicolae_shop_window_shopping, uniq_menkaure
D:7:      layout_cave_pools, tso_oasis_becter
D:8:      layout_loops_cross, onia_ninara_dug_in_and_dangerous, uniq_erica
D:9:      layout_rooms, lair_entry_dummy, minmay_orc_entry_temple_small,
          serial_rivers, chequers_serial_rivers_marsh,
          chequers_serial_rivers_micro_b, chequers_serial_rivers_micro_d,
          chequers_serial_rivers_micro_a, chequers_serial_rivers_micro_d,
          chequers_serial_rivers_micro_a, blue_anna_alchemist
          [blue_anna_fruit_fields, blue_anna_fruit_fields],
          hangedman_decor_opposing, nicolae_dithmenos_through_a_glass_darkly
D:10:     layout_irregular_city, basic_altar
Lair:1:   layout_long_grid, gammafunk_ghost_split
Lair:2:   layout_long_grid, dummy_spider_entry
Lair:3:   gammafunk_cloud_chamber, layout_cellular_growth, lemuel_fruit_tree
Lair:5:   layout_gridlike, gauntlet_entry_generic,
          ebering_ghost_reflecting_pool, minivault_27, infiniplex_staircase_pool
Lair:6:   minmay_lair_end_frog_pond, layout_long_grid,
          nicolae_slime_entry_slimehenge, nicolae_volcano_entry_hallway

Skill      XL: |  1  2  3  4  5  6  7  8  9 10 11 12 13 |
---------------+----------------------------------------+-----
Axes           | 4 5 6 8 10 11 12 13 15 16 | 16.1
Fighting       | 4 5 6 7 8 10 11 12 13 | 13.0
Armour         | 3 4 5 7 9 11 12 | 12.9
Dodging        | 3 4 5 6 7 8 9 |  9.0
Throwing       | 1 2 3 4 5 6 7 |  7.3
Stealth        | 1 |  1.0

Action                   |  1- 3 |  4- 6 |  7- 9 | 10-12 | 13-15 || total
-------------------------+-------+-------+-------+-------+-------++-------
Melee: Hand axe          |    67 |    64 |   433 |   267 |       ||   831
       Headbutt          |     7 |    11 |    98 |   147 |    37 ||   300
       Battleaxe         |       |       |       |   322 |    16 ||   338
       Broad axe         |       |       |       |       |   132 ||   132
Throw: Dart              |     4 |     8 |     2 |     9 |    22 ||    45
       Javelin           |       |     2 |     6 |     8 |       ||    16
Invok: Berserk           |       |     5 |     6 |     5 |     1 ||    17
       Trog's Hand       |       |     3 |     9 |    13 |     4 ||    29
       Brothers in Arms  |       |       |       |     2 |       ||     2
Evoke: Wand              |       |       |       |     2 |     1 ||     3
  Use: Scroll            |       |     1 |    10 |    10 |     1 ||    22
       Potion            |       |       |     5 |     3 |     1 ||     9
 Stab: Invisible         |     1 |     1 |       |       |       ||     2
       Petrifying        |       |       |       |     1 |       ||     1
       Petrified         |       |       |       |     1 |       ||     1
  Eat: Chunk             |     2 |     9 |    15 |    20 |     5 ||    51
       Ration            |       |       |     2 |     4 |       ||     6
Armor: Animal skin       |     7 |     3 |       |       |       ||    10
       Scale mail        |       |    11 |     2 |       |       ||    13
       Plate armour      |       |       |   297 |   419 |    56 ||   772
Dodge: Dodged            |    43 |    48 |   121 |   313 |    83 ||   608
